 Dungeon Crawl Stone Soup version 0.22.0-75-g3901e79 (webtiles) character file.

138 whitewolfNL the Firebug (level 5, -7/28 HPs)
             Began as a Gargoyle Fire Elementalist on Sept 11, 2018.
             Killed by divine providence
             ... invoked by an orc priest
              (13 damage)
             ... on level 5 of the Dungeon.
             The game lasted 00:25:22 (3115 turns).

whitewolfNL the Firebug (GrFE)                      Turns: 3115, Time: 00:25:23

Health: -7/28      AC:  8    Str: 12    XL:     5   Next: 21%
Magic:  9/9        EV: 12    Int: 16    God:
Gold:   76         SH:  0    Dex: 10    Spells: 6/9 levels left

rFire    . . .     SeeInvis .   t - +1 dagger (elec)
rCold    . . .     Gourm    .   (no shield)
rNeg     + . .     Faith    .   a - +0 robe
rPois    ∞         Spirit   .   (no helmet)
rElec    +         Reflect  .   (no cloak)
rCorr    .         Harm     .   q - +0 pair of gloves
MR       .....                  b - +0 pair of boots
Stlth    ++........             (no amulet)
HPRegen  0.09/turn              (no ring)
MPRegen  0.11/turn              (no ring)

@: no status effects
A: negative energy resistance 1, electricity resistance, unbreathing,
petrification resistance, rot immunity, AC +4
a: no special abilities


You were on level 5 of the Dungeon.
You were hungry.

You visited 1 branch of the dungeon, and saw 5 of its levels.

You collected 76 gold pieces.

Inventory:

Hand Weapons
 f - a +0 dagger
 g - a +0 mace
 m - a +0 mace
 t - a +1 dagger of electrocution (weapon)
 u - a +0 shortbow
Missiles
 d - 11 bolts
 e - 35 sling bullets
 k - 94 stones (quivered)
 o - 7 javelins
Armour
 a - a +0 robe (worn)
 b - a +0 pair of boots (worn)
 n - a +0 scale mail
 q - a +0 pair of gloves (worn)
Wands
 l - a wand of random effects (32)
Scrolls
 i - a scroll of magic mapping
 p - 4 scrolls of remove curse
 r - a scroll of amnesia {unknown}
 s - a scroll of immolation {unknown}
Potions
 h - a potion of flight {unknown}
 j - 2 potions of curing
Comestibles
 c - 5 rations
 v - a chunk of flesh


   Skills:
 + Level 0.8 Fighting
 + Level 2.0 Dodging
 + Level 2.8 Stealth
 + Level 2.9 Spellcasting
 + Level 2.3 Conjurations
 + Level 4.0 Fire Magic


You had 6 spell levels left.
You knew the following spells:

 Your Spells              Type           Power        Failure   Level  Hunger
a - Flame Tongue          Conj/Fire      ##...        4%          1    #......
b - Throw Flame           Conj/Fire      ##....       8%          2    ##.....

Your spell library contained the following spells:

 Spells                   Type           Power        Failure   Level  Hunger
 Conjure Flame            Conj/Fire      ##......     16%         3    ###....
 Inner Flame              Hex/Fire       #.......     24%         3    ###....
 Sticky Flame             Conj/Fire      ##......     45%         4    #####..
 Fireball                 Conj/Fire      ##........   80%         5    ######.


Dungeon Overview and Level Annotations

Branches:
Dungeon (5/15)
 Temple: D:4-7

Altars:
Nemelex Xobeh
The Shining One

Annotations:
D:4 Natasha


Innate Abilities, Weirdness & Mutations

You are resistant to torment.
Your stone body is resilient. (AC +4)
You are immune to poison.
You resist negative energy. (rN+)
You are resistant to electric shocks. (rElec)
You can survive without breathing.
You are immune to petrification.
You are immune to rotting.


Message History

An ooze comes into view.
The worker ant bites you.
* * * LOW HITPOINT WARNING * * *
The iguana closely misses you.
An orc comes into view. It is wielding a whip.
The ooze quivers.
Found a long sword. 2 orcs come into view.
The ooze hits you but does no damage.
Found 8 gold pieces.
An orc priest comes into view. It is wielding a flail.
You are feeling hungry.
The ooze barely misses you. The adder zombie misses you.
The orc shouts!
The orc priest shouts!
The orc closely misses you.
Found a scroll of identify.
Found a stone staircase leading down.
A sky beast comes into view.
The orc priest invokes the aid of Beogh against you.
Beogh smites you!
You die...

..#......# .. ........#
##.. #w. #..$....# ...
#.. #..)....###..# Y #.#
#............##.. #.#
#.......#......#
#.#######...lo..#......#
#.!...##...ooao.#......#
#........OY...Z.@......#
#...........aJ.##...?..#
#...(.##....#### ......#
.......)..!.... ....>.#
...#......#.### ......#
..##...####..# #......
......... ..... ......
#...##### ## .# ......
....#


You could see an ice beast, a sky beast (sleeping), an ogre, an iguana, 2 worker
ants, an orc priest, an ooze, 3 orcs and an adder zombie.

Vanquished Creatures
  Terence (D:2)
  5 adders
  5 worms
  A dart slug (D:3)
  2 leopard geckos
  An orc (D:3)
  2 giant cockroaches
  9 goblins
  6 hobgoblins
  5 jackals
  A ball python (D:4)
  5 frilled lizards
  5 kobolds
  6 rats
54 creatures vanquished.

Notes
Turn   | Place    | Note
-------+----------+-------------------------------------------
     0 | D:1      | whitewolfNL the Gargoyle Fire Elementalist began the quest
                  | for the Orb.
     0 | D:1      | Reached XP level 1. HP: 10/10 MP: 3/3
   633 | D:1      | Reached XP level 2. HP: 15/15 MP: 1/5
  1710 | D:2      | Reached XP level 3. HP: 19/19 MP: 2/6
  1715 | D:2      | Found a glowing golden altar of the Shining One.
  1756 | D:2      | Noticed Terence
  1799 | D:2      | Killed Terence
  1864 | D:2      | Reached XP level 4. HP: 19/24 MP: 2/7
  2138 | D:2      | Learned a level 2 spell: Throw Flame
  2669 | D:3      | Reached XP level 5. HP: 20/28 MP: 0/9
  2908 | D:3      | Reached skill level 4 in Fire Magic
  2986 | D:3      | Found a sparkling altar of Nemelex Xobeh.
  2995 | D:3      | You fall through a shaft!
  2995 | D:4      | Noticed an ogre
  3024 | D:4      | Noticed an ogre
  3072 | D:4      | Noticed Natasha
  3074 | D:5      | Entered Level 5 of the Dungeon
  3074 | D:5      | Noticed an ice beast
  3087 | D:5      | Noticed a sky beast
  3115 | D:5      | Noticed a sky beast
  3115 | D:5      | Killed from afar by an orc priest

Skill      XL: |  1  2  3  4  5 |
---------------+----------------+-----
Conjurations   | 2 |  2.3
Dodging        | 2 |  2.0
Fire Magic     | 4 |  4.0
Fighting       | |  0.8
Stealth        | |  2.8
Spellcasting   | |  2.9

Action                   |  1- 3 |  4- 6 || total
-------------------------+-------+-------++-------
Melee: Unarmed           |    12 |       ||    12
       Mace              |     5 |       ||     5
       Dagger            |    31 |    14 ||    45
 Cast: Flame Tongue      |    45 |    60 ||   105
  Use: Scroll            |       |     3 ||     3
  Eat: Chunk             |     2 |     2 ||     4
       Ration            |     1 |       ||     1
Armor: Robe              |    24 |    21 ||    45
Dodge: Dodged            |    65 |    45 ||   110
